 Dungeon Crawl Stone Soup version 0.31-a0-188-g5e087ee2ca (webtiles) character file.

Game seed: 17089041410342737375

48 qw the Shooter (level 3, -4/20 HPs)
             Began as a Deep Elf Hunter on June 23, 2023.
             Killed from afar by Ijyb (9 damage)
             ... with a puff of flame
             ... on level 3 of the Dungeon.
             The game lasted 00:00:24 (1424 turns).

qw the Shooter (Deep Elf Hunter)                    Turns: 1424, Time: 00:00:25

Health: -4/20      AC:  4    Str: 10    XL:     3   Next: 50%
Magic:  5/5        EV: 12    Int: 13    God:
Gold:   146        SH:  0    Dex: 18    Spells: 2/2 levels left

rFire   . . .        Y - +0 shortbow (drain)
rCold   . . .        (shield currently unavailable)
rNeg    . . .        c - +0 leather armour
rPois   .            (no helmet)
rElec   .            (no cloak)
rCorr   .            k - +0 pair of gloves
SInv    .            (no boots)
Will    .....        (no amulet)
Stlth   ++           (no ring)
HPRegen 0.23/turn    (no ring)
MPRegen 0.09/turn

%: no passive effects
@: no status effects
A: no striking features
a: no special abilities


You were on level 3 of the Dungeon.
You visited 1 branch of the dungeon, and saw 3 of its levels.

You collected 146 gold pieces.


   Skills:
 - Level 1.5 Fighting
 + Level 7.0 Ranged Weapons
 - Level 2.4 Dodging
 - Level 1.2 Stealth


You had 2 spell levels left.
You didn't know any spells.
Your spell library was empty.

Inventory:

Hand Weapons
 Y - a +0 shortbow of draining (weapon)
Armour
 c - a +0 leather armour (worn)
 k - a +0 pair of gloves (worn)
Potions
 a - a potion of curing {unknown}
 h - a potion of heal wounds {unknown}
 i - a potion of invisibility {unknown}
 j - a potion of degeneration {unknown}

Dungeon Overview and Level Annotations

Branches:
Dungeon (3/15)

Altars:

Annotations:
D:3 Ijyb


Message History

The arrow hits the goblin!
You kill the goblin!
Robin says, "Feeling lonely?"
Robin throws the goblin at you!
A goblin comes into view.
It is wielding a +0 dagger of electrocution.
The goblin hits you but does no damage.
You shoot an arrow. The goblin shouts!
The arrow hits the goblin!
You kill the goblin!
You shoot an arrow. The arrow closely misses the goblin.
You shoot an arrow. The arrow closely misses the goblin.
Robin roars a battlecry!
The goblins go into a battle-frenzy!
You shoot an arrow. The arrow hits the goblin!
You kill the goblin!
You shoot an arrow. The arrow hits the hobgoblin.
You kill the hobgoblin!
You shoot an arrow. The arrow hits Robin.
You drain Robin.
Robin is severely wounded.
You shoot an arrow. The arrow hits Robin.
Robin is almost dead.
Ijyb zaps a wand.
The puff of flame hits you.
You shoot an arrow. The arrow barely misses Robin.
Robin throws Ijyb at you!
You shoot an arrow. The arrow hits Robin!
You kill Robin!
Ijyb zaps a wand.
The puff of flame hits you!
Your Ranged Weapons skill increases to level 7!
You shoot an arrow. The arrow closely misses Ijyb.
Ijyb closely misses you.
You shoot an arrow. The arrow barely misses Ijyb.
Ijyb misses you. The goblin barely misses you.
Ijyb zaps a wand.
The puff of flame hits you.
You shoot an arrow. The arrow hits Ijyb.
Ijyb is moderately wounded.
The goblin completely misses you. Ijyb hits you but does no damage.
You shoot an arrow. The arrow closely misses Ijyb.
The goblin misses you.
Ijyb zaps a wand.
The puff of flame hits you!
You die...

# ...
.....#########
......g@g....#
.....)######.#
....) #.# ....
#.# ).. #.# ..
#.## . #..#
##.# #.#


You could see Ijyb (strong) and a goblin (strong).

Vanquished Creatures
  Robin (D:3)
  2 dart slugs
  3 ball pythons
  4 bats
  3 endoplasms
  2 giant cockroaches (D:1)
  5 goblins
  3 hobgoblins
  2 quokkas (D:1)
  3 kobolds
  A rat (D:1)
29 creatures vanquished.

Notes
Turn   | Place    | Note
-------+----------+-------------------------------------------
     0 | D:1      | qw the Deep Elf Hunter began the quest for the Orb.
     0 | D:1      | Reached XP level 1. HP: 12/12 MP: 3/3
     0 | D:1      | 0 ||| qw: Version: 0.3-a-9-g12657ce
     0 | D:1      | 0 ||| qw: Game counter: 3804
     0 | D:1      | 0 ||| qw: Always use a shield: true
     0 | D:1      | 0 ||| qw: God list: Okawaru
     0 | D:1      | 0 ||| qw: Allow faded altars: false
     0 | D:1      | 0 ||| qw: Do Orc after D:15 true
     0 | D:1      | 0 ||| qw: Do second Lair branch before Depths: true
     0 | D:1      | 0 ||| qw: Lair rune preference: random
     0 | D:1      | 0 ||| qw: Plans: Normal
     0 | D:1      | 0 ||| PLANNING D:1-11
     3 | D:1      | Noticed an electric eel
     8 | D:1      | Noticed an electric eel
   266 | D:1      | Reached XP level 2. HP: 16/16 MP: 4/4
   303 | D:1      | Reached skill level 6 in Ranged Weapons
   672 | D:1      | 672 ||| UPGRADING to +0 pair of gloves.
   677 | D:1      | 677 ||| READING scroll labelled PEGEMO USHRAFU.
   678 | D:1      | 678 ||| READING scroll labelled LARGHA QERHY BIURA.
   679 | D:1      | 679 ||| READING scroll labelled CATUBB XAIDDA.
   680 | D:1      | 680 ||| READING scroll labelled EXIGGU MOCED.
   681 | D:1      | 681 ||| DROPPING scroll of butterflies.
  1015 | D:2      | Reached XP level 3. HP: 20/20 MP: 5/5
  1409 | D:3      | Noticed Robin
  1409 | D:3      | Noticed Ijyb
  1420 | D:3      | Killed Robin
  1421 | D:3      | Reached skill level 7 in Ranged Weapons
  1422 | D:3      | HP: 4/20 [Ijyb/puff of flame (5)]
  1424 | D:3      | Killed from afar by Ijyb

Levels and vault maps discovered:
D:1:      arrival_aquarium_b, layout_loops_cross,
          nicolae_concentric_dashed_squares_mild
D:2:      layout_basic
D:3:      layout_loops_ring, makhleb_altar_promises_db,
          ebering_ghost_reflecting_pool, nicolae_goblin_pals, uniq_terence,
          uniq_robin

Skill      XL: |  1  2  3 |
---------------+----------+-----
Ranged Weapons | 6 7 |  7.0
Fighting       | |  1.5
Dodging        | |  2.4
Stealth        | |  1.2

Action                     || total
---------------------------++-------
   Fire: Shortbow          ||    75
    Use: Scroll            ||     4
 Armour: Leather armour    ||     7
  Dodge: Dodged            ||    14

Table legend:
 A = Non-vault XP
 B = Vault XP
 C = Vault XP percentage of total XP
 D = Non-vault monster count
 E = Vault monster count
 F = Vault count percentage of total count
                 A         B        C        D         E       F
            +---------+---------+-------+---------+---------+-------
      Total |      44 |      25 |  36.2 |      23 |       6 |  20.7
            +---------+---------+-------+---------+---------+-------
        D:1 |      26 |       0 |   0.0 |      14 |       0 |   0.0
        D:2 |      18 |       0 |   0.0 |       9 |       0 |   0.0
        D:3 |       0 |      25 | 100.0 |       0 |       6 | 100.0
            +---------+---------+-------+---------+---------+-------
